 Dungeon Crawl Stone Soup version 0.20-a0-4-gd166d5d (webtiles) character file.

4875 Kaname the Tainter (level 10, -14/63 HPs)
             Began as a Demonspawn Venom Mage on Oct 31, 2016.
             Was an Elder of Okawaru.
             Killed from afar by Wizop's ghost (33 damage)
             ... with a stone arrow
             ... on level 10 of the Dungeon.
             The game lasted 00:26:33 (8763 turns).

Kaname the Tainter (Demonspawn Venom Mage)          Turns: 8763, Time: 00:26:34

Health: -14/63     AC:  3    Str: 13    XL:     10   Next: 26%
Magic:  17/17      EV: 16    Int: 24    God:    Okawaru [****..]
Gold:   188        SH:  0    Dex: 14    Spells: 4 memorised, 5 levels left

rFire  + . .     SeeInvis .     G - +5 trident "Spiderbane" {pierce, rF+ Int+4}
rCold  . . .     Gourm    .     a - +0 robe
rNeg   . . .     Faith    .     (no shield)
rPois  +         Spirit   .     d - +0 helmet
rElec  .         Reflect  .     (no cloak)
rCorr  .         Harm     .     (no gloves)
MR     .....                    (no boots)
Stlth  +++.......               y - amulet of rage
                                D - ring of poison resistance
                                (no ring)

@: mighty, heroism
A: claws 2, talons 1, powered by death 2, spiny 2
a: Heroism, Renounce Religion, Evoke Berserk Rage


You were on level 10 of the Dungeon.
You worshipped Okawaru.
Okawaru was greatly pleased with you.
You were not hungry.

You visited 2 branches of the dungeon, and saw 11 of its levels.

You collected 488 gold pieces.
You spent 300 gold pieces at shops.

Inventory:

Hand Weapons
 j - a +2 shortbow of flaming
 G - the +5 trident "Spiderbane" (weapon) {pierce, rF+ Int+4}
   (You found it on level 7 of the Dungeon)

   It inflicts extra damage upon your enemies.
   It affects your intelligence (+4).
   It protects you from fire.
Missiles
 m - 5 javelins (quivered)
 q - 3 throwing nets
 t - 143 arrows
Armour
 a - a +0 robe (worn)
 d - a +0 helmet (worn)
 k - a +3 ring mail
 C - a +0 pair of gloves
Jewellery
 r - an uncursed ring of fire
 y - an amulet of rage (around neck)
 D - a ring of poison resistance (right claw)
Wands
 J - a wand of confusion (0/48)
 M - a wand of iceblast (7/15)
Scrolls
 b - 3 scrolls of enchant armour
 f - 4 scrolls of teleportation
 p - a scroll of immolation {unknown}
 s - 3 scrolls of blinking
 u - a scroll of acquirement {unknown}
 B - 3 scrolls of magic mapping
 F - a scroll of remove curse
 H - 5 scrolls of amnesia {unknown}
 L - a scroll of fog
Potions
 e - a potion of curing
 g - a potion of cancellation {unknown}
 h - 2 potions of might
 i - a potion of cure mutation {unknown}
 n - a potion of degeneration {unknown}
 o - a potion of resistance {unknown}
 w - 3 potions of brilliance
 x - a potion of agility {unknown}
 z - a potion of invisibility
 A - 2 potions of haste
 E - 2 potions of mutation
 I - a potion of flight {unknown}
Comestibles
 c - 8 bread rations
 l - a beef jerky
 v - 4 meat rations
 K - 3 fruits
 N - 5 chunks of flesh


   Skills:
 - Level 1.7(6.7) Dodging
 - Level 1.7(6.7) Stealth
 + Level 4.7 Spellcasting
 - Level 10.0 Conjurations
 - Level 3.0 Air Magic
 - Level 10.0 Poison Magic
 - Level 4.0 Invocations


You had 5 spell levels left.
You knew the following spells:

 Your Spells              Type           Power        Failure   Level  Hunger
a - Sting                 Conj/Pois      ####         1%          1    None
b - Mephitic Cloud        Conj/Pois/Air  #####...     1%          3    ##.....
c - Olgreb's Toxic Radia  Pois           ######..     1%          4    ####...
d - Venom Bolt            Conj/Pois      ######....   4%          5    #####..


Dungeon Overview and Level Annotations

Branches:
Dungeon (10/15)            Temple (1/1) D:4
   Lair: D:8-11         Orc: D:9-12

Altars:
Ashenzari
Cheibriados
Elyvilon
Fedhas
Gozag
Hepliaklqana
Kikubaaqudgha
Makhleb
Okawaru
Uskayaw
Zin
The Shining One

Shops:
D:4 [   D:5 }   D:6 ?   D:8 [

Annotations:
D:10 Wizop's ghost, journeyman GrEE


Innate Abilities, Weirdness & Mutations

You have very sharp fingernails.
You regenerate health from kills.
You are mostly covered in sharp spines.
You have sharp toenails.


Message History

Wizop's ghost is struck by your spines. Wizop's ghost hits you.
* * * LOW HITPOINT WARNING * * *
You feel better. Wizop's ghost misses you.
You feel very mighty all of a sudden. Wizop's ghost hits you.
You closely miss Wizop's ghost.
Wizop's ghost is moderately damaged.
Wizop's ghost is struck by your spines. Wizop's ghost misses you.
You miss Wizop's ghost. Your kick misses Wizop's ghost.
Wizop's ghost is moderately damaged.
Wizop's ghost hits you.
You closely miss Wizop's ghost. Your kick misses Wizop's ghost.
Wizop's ghost is moderately damaged.
Wizop's ghost misses you.
You hit Wizop's ghost but do no damage. Your kick misses Wizop's ghost.
Wizop's ghost is moderately damaged.
Wizop's ghost gestures at you while chanting.
The stone arrow hits you!
Ouch! That really hurt!
You die...

#############
............#
......W@....#
......†.....#
#############


You could see Wizop's ghost.

Vanquished Creatures
  5 yaks
  A hungry ghost (D:9)
  Menkaure (D:7)
  A water moccasin (D:9)
  4 orc warriors
  2 sky beasts
  A phantom (D:7)
  A black bear (D:7)
  6 ogres
  A necrophage (D:6)
  4 centaurs
  A big kobold (D:9)
  6 bullfrogs
  A gnoll sergeant (D:8)
  3 scorpions
  5 killer bees (D:9)
  4 crimson imps
  A bullfrog zombie (D:7)
  2 centaur zombies
  4 hounds
  2 jellies
  4 centaur skeletons
  An orc priest (D:9)
  An iguana (D:8)
  4 orc wizards
  5 worker ants
  Terence (D:2)
  A hound zombie (D:5)
  9 adders
  16 gnolls
  2 shadow imps
  An ooze (D:1)
  2 adder skeletons
  5 worms
  2 dart slugs (D:1)
  7 leopard geckos
  32 orcs
  3 giant cockroaches
  12 goblins
  4 hobgoblins
  15 jackals
  13 kobolds
  3 quokkas
  3 bats (D:1)
  A frilled lizard (D:1)
  A quokka skeleton (D:6)
  11 rats
215 creatures vanquished.

Notes
Turn   | Place    | Note
-------+----------+-------------------------------------------
     0 | D:1      | Kaname the Demonspawn Venom Mage began the quest for the Orb.
     0 | D:1      | Reached XP level 1. HP: 13/13 MP: 3/3
    27 | D:1      | Reached skill level 1 in Conjurations
   351 | D:1      | Gained mutation: You regenerate a little health from kills. [demonic ancestry]
   351 | D:1      | Reached XP level 2. HP: 13/19 MP: 0/5
   794 | D:1      | Gained mutation: You regenerate health from kills. [demonic ancestry]
   794 | D:1      | Reached XP level 3. HP: 24/24 MP: 1/6
  1232 | D:2      | Noticed Terence
  1274 | D:2      | Killed Terence
  1333 | D:2      | Gained mutation: You are partially covered in sharp spines. [demonic ancestry]
  1333 | D:2      | Reached XP level 4. HP: 23/30 MP: 1/7
  1583 | D:2      | Learned a level 3 spell: Mephitic Cloud
  1955 | D:3      | Learned a level 4 spell: Olgreb's Toxic Radiance
  2003 | D:2      | Reached XP level 5. HP: 10/35 MP: 5/9
  2237 | D:3      | Reached skill level 1 in Air Magic
  2632 | D:3      | Reached XP level 6. HP: 40/41 MP: 7/10
  3357 | D:4      | Found Vekhlo Xairo's Armour Shoppe.
  3419 | D:4      | Reached skill level 5 in Poison Magic
  3445 | D:4      | Found a staircase to the Ecumenical Temple.
  3510 | Temple   | Entered the Ecumenical Temple
  3538 | Temple   | Became a worshipper of Warmaster Okawaru
  3674 | D:4      | Gained mutation: You have sharp fingernails. [demonic ancestry]
  3674 | D:4      | Reached XP level 7. HP: 43/46 MP: 4/11
  3809 | D:5      | Entered Level 5 of the Dungeon
  4110 | D:5      | Found Enod's Gadget Boutique.
  4222 | D:5      | Gained mutation: You have sharp toenails. [mutagenic meat]
  4247 | D:5      | Reached * piety under Okawaru
  4560 | D:6      | Reached skill level 5 in Conjurations
  4876 | D:6      | Gained mutation: You are mostly covered in sharp spines. [demonic ancestry]
  4876 | D:6      | Reached XP level 8. HP: 33/52 MP: 12/12
  5082 | D:6      | Reached skill level 1 in Invocations
  5287 | D:6      | Found Afaxt's Magic Scroll Shoppe.
  5317 | D:6      | Bought a scroll of teleportation for 36 gold pieces
  5317 | D:6      | Bought a scroll of identify for 24 gold pieces
  5317 | D:6      | Bought a scroll of magic mapping for 42 gold pieces
  5317 | D:6      | Bought a scroll of identify for 24 gold pieces
  5317 | D:6      | Bought a scroll of identify for 24 gold pieces
  5317 | D:6      | Bought a scroll of blinking for 90 gold pieces
  5317 | D:6      | Bought a scroll of identify for 24 gold pieces
  5317 | D:6      | Bought a scroll of random uselessness for 12 gold pieces
  5317 | D:6      | Bought a scroll of identify for 24 gold pieces
  5457 | D:6      | Found a glowing golden altar of the Shining One.
  5509 | D:6      | Reached ** piety under Okawaru
  6011 | D:6      | Learned a level 5 spell: Venom Bolt
  6256 | D:7      | Reached XP level 9. HP: 52/55 MP: 9/13
  6286 | D:7      | Got a transparent trident
  6287 | D:7      | Identified the +5 trident "Spiderbane" {pierce, rF+ Int+4} (You found it on level 7 of the Dungeon)
  6501 | D:7      | Noticed Menkaure
  6512 | D:7      | Killed Menkaure
  7013 | D:8      | Reached skill level 10 in Poison Magic
  7275 | D:8      | Found Touclytu's Antique Armour Boutique.
  7365 | D:8      | Reached *** piety under Okawaru
  8369 | D:9      | Gained mutation: You have very sharp fingernails. [demonic ancestry]
  8369 | D:9      | Reached XP level 10. HP: 63/63 MP: 5/14
  8399 | D:9      | Reached **** piety under Okawaru
  8411 | D:9      | Reached skill level 10 in Conjurations
  8646 | D:10     | Entered Level 10 of the Dungeon
  8646 | D:10     | Noticed Wizop's ghost (journeyman GrEE)
  8763 | D:10     | Killed from afar by Wizop's ghost

Vault maps used:
D:1:      dpeg_arrival_brainrot
D:2:      roderic_malta_cross, st_stairs_7, item_on_display_b, uniq_terence
D:4:      serial_shops, shop_fountains, minmay_cut_off
D:5:      serial_shops, kennysheep_little_box, first_bread
D:6:      serial_shops, shop, minmay_crystal_room, tso_metal_star
D:7:      uniq_menkaure
D:8:      serial_shops, shop
D:10:     minmay_opposing_rooms, lair_0_dummy, david_nohive_1,
          minmay_ruined_shrine, uniq_sonja
Temple:   nicolae_temple_the_god_donut

Skill      XL: |  1  2  3  4  5  6  7  8  9 10 |
---------------+-------------------------------+-----
Conjurations   | 1 2 3 4 5 6 9 10 | 10.0
Spellcasting   | 3 4 |  4.7
Air Magic      | 2 3 |  3.0
Poison Magic   | 5 7 9 10 | 10.0
Invocations    | 4 |  4.0
Dodging        | |  1.7
Stealth        | |  1.7

Action                   |  1- 3 |  4- 6 |  7- 9 | 10-12 || total
-------------------------+-------+-------+-------+-------++-------
Melee: Unarmed           |    20 |       |       |       ||    20
       Dagger            |    58 |    39 |       |       ||    97
       Broad axe         |       |    33 |    64 |       ||    97
       Trident           |       |    58 |   139 |    34 ||   231
       Kick              |       |       |    32 |    10 ||    42
 Fire: Shortbow          |       |       |    15 |       ||    15
 Cast: Sting             |    53 |    52 |    67 |       ||   172
       Olgreb's Toxic Ra |       |     2 |    17 |     3 ||    22
       Mephitic Cloud    |       |       |     2 |       ||     2
       Venom Bolt        |       |       |     1 |       ||     1
Invok: Heroism           |       |       |       |     2 ||     2
Evoke: Wand              |       |       |     3 |     1 ||     4
  Use: Scroll            |     1 |       |    13 |       ||    14
       Potion            |       |       |     2 |     2 ||     4
 Stab: Sleeping          |     1 |     4 |     8 |       ||    13
       Distracted        |       |     2 |       |       ||     2
       Confused          |       |       |     1 |       ||     1
  Eat: Chunk             |     2 |     9 |    21 |     3 ||    35
Armor: Robe              |    14 |    15 |    22 |     3 ||    54
Dodge: Dodged            |    34 |    72 |   129 |    24 ||   259
